 Dungeon Crawl Stone Soup version 0.21-a0-286-g6fcecc0 (webtiles) character file.

756 nikopol the Chopper (level 7, -1/62 HPs)
             Began as a Minotaur Berserker on Sept 26, 2017.
             Was a Priest of Trog.
             Slain by Menkaure (10 damage)
             ... on level 7 of the Dungeon.
             The game lasted 00:06:08 (2936 turns).

nikopol the Chopper (Minotaur Berserker)            Turns: 2936, Time: 00:06:10

Health: -1/62      AC:  7    Str: 21    XL:     7   Next: 50%
Magic:  6/6        EV: 12    Int:  4    God:    Trog [***...]
Gold:   181        SH:  0    Dex: 12    Spells: 6/6 levels left

rFire    . . .     SeeInvis .   a - +0 hand axe
rCold    . . .     Gourm    .   (no shield)
rNeg     . . .     Faith    .   m - +0 ring mail
rPois    .         Spirit   .   (helmet restricted)
rElec    .         Reflect  .   d - +0 cloak
rCorr    .         Harm     .   (no gloves)
MR       .....                  (no boots)
Stlth    +.........             (no amulet)
HPRegen  0.20/turn              (no ring)
MPRegen  0.10/turn              (no ring)

@: berserk cooldown, slowed, very slow
A: retaliatory headbutt, horns 2
a: Berserk, Trog's Hand, Burn Spellbooks, Renounce Religion


You were on level 7 of the Dungeon.
You worshipped Trog.
Trog was most pleased with you.
You were very hungry.

You visited 1 branch of the dungeon, and saw 5 of its levels.

You collected 181 gold pieces.

Inventory:

Hand Weapons
 a - a +0 hand axe (weapon)
 z - a +0 shortbow
Missiles
 n - 33 arrows (quivered)
Armour
 b - a +0 animal skin
 d - a +0 cloak (worn)
 m - a +0 ring mail (worn)
Jewellery
 e - an uncursed ring of flight {unknown}
 k - an uncursed amulet of guardian spirit {unknown}
Scrolls
 g - a scroll of enchant weapon {unknown}
 i - 3 scrolls of identify {unknown}
 l - a scroll of recharging {unknown}
 o - a scroll of amnesia {unknown}
 p - a scroll of remove curse {unknown}
 r - a scroll of fog {unknown}
Potions
 f - a potion of cancellation {unknown}
 h - 3 potions of lignification {unknown}
 s - a potion of mutation {unknown}
Comestibles
 c - 3 bread rations
 j - 5 meat rations
 q - 2 chunks of flesh


   Skills:
 + Level 5.7 Fighting
 + Level 7.1 Axes
 + Level 4.0 Bows
 + Level 4.4 Armour
 + Level 2.9 Dodging
 + Level 0.6 Stealth


You had 6 spell levels left.
You didn't know any spells.

Dungeon Overview and Level Annotations

Branches:
Dungeon (4/15)
 Temple: D:4-7

Altars:
Makhleb

Annotations:
D:7 Menkaure


Innate Abilities, Weirdness & Mutations

You reflexively headbutt those who attack you in melee.
You have a pair of horns on your head.


Message History

The gnoll barely misses you. You furiously retaliate!
You headbutt the gnoll!!
You kill the gnoll!
Trog accepts your kill.
You slash Menkaure! Your headbutt misses Menkaure.
Menkaure is severely damaged.
You barely miss Menkaure.
Menkaure is severely damaged.
You are no longer berserk.
You are exhausted.
You feel yourself slow down.
Menkaure's ankle releases a plume of dust as he confides, "I'm not really a mummy, you know."
Menkaure barely misses you.
You hit Menkaure but do no damage.
Menkaure is severely damaged.
Menkaure hits you!
* * * LOW HITPOINT WARNING * * *
You barely miss Menkaure.
Menkaure is severely damaged.
Menkaure hits you!
You die...

#.# # #.# ### > #.#
.. .# #.# g. #.# #.#
.##..#### ###.##
.....>... #....#
##..#....
#....##+#######).#..#
#.....#.#...))@M...#
#.....#...######.###
#......รท.## .$#
#.....#### ..##
#.....# ### #.....#
#######


You could see Menkaure.

Vanquished Creatures
  Grinder (D:3)
  Sigmund (D:3)
  A centaur (D:2)
  A bullfrog (D:7)
  2 hounds
  Crazy Yiuf (D:2)
  Ijyb (D:2)
  4 gnolls (D:7)
  2 adders (D:3)
  3 worms
  2 dart slugs
  A leopard gecko (D:2)
  8 orcs (D:3)
  2 ball pythons (D:3)
  2 bats
  3 giant cockroaches
  12 goblins
  11 hobgoblins
  3 quokkas
  3 frilled lizards
  6 kobolds
  4 rats
74 creatures vanquished.

Notes
Turn   | Place    | Note
-------+----------+-------------------------------------------
     0 | D:1      | nikopol the Minotaur Berserker began the quest for the Orb.
     0 | D:1      | Reached XP level 1. HP: 19/19 MP: 0/0
   301 | D:1      | Reached XP level 2. HP: 25/27 MP: 1/1
   899 | D:2      | Reached skill level 4 in Axes
   977 | D:2      | Noticed a centaur
   987 | D:2      | HP: 2/40 [centaur (2)]
   989 | D:2      | Killed a centaur
   989 | D:2      | Reached skill level 5 in Axes
   989 | D:2      | Reached XP level 3. HP: 3/34 MP: 2/2
   989 | D:2      | Reached XP level 4. HP: 4/41 MP: 3/3
  1220 | D:2      | Reached ** piety under Trog
  1220 | D:2      | Reached XP level 5. HP: 35/47 MP: 4/4
  1523 | D:2      | Found a runed door.
  1527 | D:2      | Noticed Crazy Yiuf
  1535 | D:2      | HP: 2/70 [Crazy Yiuf/quarterstaff of chaos (2)]
  1537 | D:2      | Killed Crazy Yiuf
  1897 | D:2      | Reached skill level 5 in Fighting
  2075 | D:2      | Found a burning altar of Makhleb.
  2141 | D:3      | Reached skill level 6 in Axes
  2164 | D:3      | Noticed Grinder
  2176 | D:3      | Killed Grinder
  2176 | D:3      | Reached skill level 1 in Bows
  2176 | D:3      | Reached XP level 6. HP: 38/56 MP: 5/5
  2402 | D:3      | Noticed Sigmund
  2403 | D:3      | Noticed Ijyb
  2437 | D:2      | Killed Ijyb
  2523 | D:3      | Killed Sigmund
  2523 | D:3      | Reached XP level 7. HP: 61/61 MP: 6/6
  2589 | D:3      | Found a faded altar of an unknown god.
  2885 | D:4      | You fall through a shaft for 3 floors!
  2896 | D:7      | Reached *** piety under Trog
  2923 | D:7      | Noticed Menkaure
  2926 | D:7      | Reached skill level 7 in Axes
  2936 | D:7      | Slain by Menkaure

Vault maps used:
D:1:      tarquinn_simple_flora_water_d, minmay_tetromino_t2
D:2:      cheibrodos_greedy_goblins, first_bread, hex_tiny,
          makhleb_blood_cavern_becter, uniq_crazy_yiuf_cottage
D:3:      chequers_ecumenical_altar_simple, uniq_sigmund, uniq_grinder,
          uniq_ijyb
D:4:      minmay_temple_entry_steel_oval, kennysheep_orc_chapel
D:7:      serial_shops, shop_statue, minmay_nine_imps, uniq_menkaure

Skill      XL: |  1  2  3  4  5  6  7 |
---------------+----------------------+-----
Fighting       | 4 5 |  5.7
Axes           | 5 6 7 |  7.1
Armour         | 3 4 |  4.4
Bows           | 1 3 4 |  4.0
Dodging        | |  2.9
Stealth        | |  0.6

Action                   |  1- 3 |  4- 6 |  7- 9 || total
-------------------------+-------+-------+-------++-------
Melee: Hand axe          |    47 |    67 |    21 ||   135
       Headbutt          |     5 |    12 |     1 ||    18
 Fire: Shortbow          |       |    36 |    17 ||    53
Invok: Berserk           |     1 |     2 |     1 ||     4
  Eat: Chunk             |       |     2 |     2 ||     4
       Bread ration      |       |     1 |       ||     1
Armor: Animal skin       |     5 |       |       ||     5
       Ring mail         |     2 |    17 |     4 ||    23
Dodge: Dodged            |    29 |    37 |    14 ||    80

Table legend:
 A = Spawn XP
 B = Non-spawn XP
 C = Spawn XP percentage of total XP
 D = Spawn monster count
 E = Non-spawn monster count
 F = Spawn count percentage of total count
 G = Total turns spent on level
                    A         B        C        D         E        F      G
               +---------+---------+-------+---------+---------+-------+---------
         Total |       0 |    1080 |   0.0 |       0 |      74 |   0.0 |  2936
               +---------+---------+-------+---------+---------+-------+---------
           D:1 |       0 |      25 |   0.0 |       0 |      15 |   0.0 |   832
           D:2 |       0 |     287 |   0.0 |       0 |      24 |   0.0 |  1351
           D:3 |       0 |     571 |   0.0 |       0 |      28 |   0.0 |   649
           D:4 |       0 |      43 |   0.0 |       0 |       1 |   0.0 |    53
           D:7 |       0 |     154 |   0.0 |       0 |       6 |   0.0 |    51
               +---------+---------+-------+---------+---------+-------+---------
